[ AOE2 MATCH · #488760540 ]
UnrankedTeutons vs Persians
[ REPLAY ANALYSIS · EXTRACTED FROM THE RECORDED GAME ]
Feudal
8:58
Castle
25:36
Imperial
46:47
| APM avg | 26.4 |
| APM peak | 62 |
| eAPM avg | 17.3 |
| Villagers / military | 142 / 9 |
Focus
⚔️ 37.8% · 🌾 62.2%
Monk ×4 · Spearman ×3 · Mangonel ×2
Feudal
8:29
Castle
18:28
Imperial
40:31
| APM avg | 64.2 |
| APM peak | 187 |
| eAPM avg | 36.4 |
| Villagers / military | 161 / 278 |
Focus
⚔️ 54.6% · 🌾 45.4%
Knight ×258 · Battering Ram ×14 · Scout Cavalry ×6
Feudal
14:23
Castle
38:23
Imperial
—
| APM avg | 42.1 |
| APM peak | 125 |
| eAPM avg | 23.0 |
| Villagers / military | 146 / 42 |
Focus
⚔️ 23.3% · 🌾 76.7%
Cavalry Archer ×42
Feudal
—
Castle
—
Imperial
—
| APM avg | 19.5 |
| APM peak | 46 |
| eAPM avg | 11.9 |
| Villagers / military | 122 / 248 |
Focus
⚔️ 27.3% · 🌾 72.7%
Spearman ×199 · Karambit Warrior ×36 · Scorpion ×9 · Battering Ram ×3 · Mangonel ×1
Feudal
9:19
Castle
20:43
Imperial
31:50
| APM avg | 51.7 |
| APM peak | 98 |
| eAPM avg | 25.4 |
| Villagers / military | 188 / 236 |
Focus
⚔️ 37.1% · 🌾 62.9%
Skirmisher ×155 · Archer ×30 · Hand Cannoneer ×25 · Throwing Axeman ×14 · Trebuchet (Packed) ×7 · Monk ×5
Feudal
8:51
Castle
18:25
Imperial
37:45
| APM avg | 60.0 |
| APM peak | 106 |
| eAPM avg | 30.9 |
| Villagers / military | 136 / 103 |
Focus
⚔️ 41.1% · 🌾 58.9%
Unknown (1968) ×96 · Skirmisher ×77 · Spearman ×21 · Militia ×5
Match map
Initial resources + every placement click. Lines = walls · curves = elevation contours. ◆ gold · ⬟ stone · ● berries · ✦ relic · ◌ wall gap
Your base· ✓ Closed at 25:36 · 85t walls · 2 gate(s)
FMG | GreatMaty's base· ✓ Closed at 18:28 · 12t walls · 1 gate(s)
|FMG| Donde Estan Mis 5 Pizzas's base· ✓ Closed at 38:23 · 100t walls · 2 gate(s)
Saul carvajal 9's base· ✓ Closed at 16:44 · 3t walls · 1 gate(s)
FMG | Santiago's base· ✓ Closed at 20:43 · 17t walls · 2 gate(s)
[CL]Jupy's base· ✓ Closed at 18:25 · 8t walls · 1 gate(s)
Smoothed initial terrain · ◌ = detected wall gap · hover for details
Inputs per minute
— CloudNood - - FMG | GreatMaty
Build order — CloudNood
First 150 of 312 actions detected
| 0:01 | Queue | Villager (Male) |
| 0:01 | Queue | Villager (Male) |
| 0:02 | Queue | Villager (Male) |
| 0:03 | Build | House |
| 0:04 | Build | House |
| 0:28 | Queue | Villager (Male) |
| 1:28 | Queue | Villager (Male) |
| 1:45 | Build | Lumber Camp |
| 2:02 | Queue | Villager (Male) |
| 2:02 | Queue | Villager (Male) |
| 2:22 | Queue | Villager (Male) |
| 2:42 | Queue | Villager (Male) |
| 2:42 | Queue | Villager (Male) |
| 3:13 | Queue | Villager (Male) |
| 3:14 | Queue | Villager (Male) |
| 3:27 | Build | House |
| 3:47 | Queue | Villager (Male) |
| 3:48 | Queue | Villager (Male) |
| 3:56 | Build | House |
| 4:36 | Queue | Villager (Male) |
| 4:36 | Queue | Villager (Male) |
| 4:52 | Queue | Villager (Male) |
| 5:02 | Queue | Villager (Male) |
| 5:02 | Queue | Villager (Male) |
| 5:15 | Build | Mill |
| 5:39 | Research | Loom |
| 6:26 | Build | House |
| 6:49 | Research | Feudal Age |
| 6:54 | Build | House |
| 7:24 | Build | Mining Camp |
| 7:41 | Build | House |
| 7:52 | Build | Palisade Wall |
| 8:01 | Build | Palisade Wall |
| 8:10 | Build | Palisade Wall |
| 8:57 | Queue | Villager (Male) |
| 8:58 | Queue | Villager (Male) |
| 8:58 | Age | Feudal Age |
| 9:12 | Build | House |
| 9:13 | Queue | Villager (Male) |
| 9:13 | Queue | Villager (Male) |
| 9:31 | Queue | Villager (Male) |
| 9:43 | Build | House |
| 10:30 | Queue | Villager (Male) |
| 10:30 | Queue | Villager (Male) |
| 11:20 | Queue | Villager (Male) |
| 11:41 | Build | Stone Wall |
| 11:54 | Queue | Villager (Male) |
| 12:00 | Build | Stone Wall |
| 12:07 | Build | Gate |
| 12:14 | Queue | Villager (Male) |
| 12:25 | Build | Farm |
| 12:27 | Build | Farm |
| 12:41 | Queue | Villager (Male) |
| 12:50 | Build | Farm |
| 12:58 | Build | Watch Tower |
| 13:07 | Build | Watch Tower |
| 13:08 | Queue | Villager (Male) |
| 13:15 | Build | House |
| 13:35 | Build | Farm |
| 13:36 | Queue | Villager (Male) |
| 13:37 | Queue | Villager (Male) |
| 14:02 | Build | Stone Wall |
| 14:12 | Build | Stone Wall |
| 14:16 | Build | Stone Wall |
| 14:23 | Build | Gate |
| 14:24 | Queue | Villager (Male) |
| 14:27 | Build | Farm |
| 14:29 | Build | Farm |
| 14:30 | Build | Farm |
| 14:31 | Queue | Villager (Male) |
| 14:43 | Build | Watch Tower |
| 14:52 | Build | Watch Tower |
| 15:01 | Build | House |
| 15:02 | Queue | Villager (Male) |
| 15:38 | Queue | Villager (Male) |
| 15:41 | Research | Wheelbarrow |
| 15:58 | Queue | Villager (Male) |
| 16:14 | Queue | Villager (Male) |
| 16:18 | Build | Blacksmith |
| 16:39 | Research | Wheelbarrow |
| 16:56 | Build | House |
| 17:01 | Research | Fletching |
| 17:23 | Build | House |
| 17:29 | Research | Double-Bit Axe |
| 17:43 | Queue | Villager (Male) |
| 17:47 | Queue | Villager (Male) |
| 18:30 | Build | Watch Tower |
| 18:32 | Build | House |
| 18:34 | Build | Palisade Wall |
| 18:39 | Build | Palisade Wall |
| 18:44 | Queue | Villager (Male) |
| 18:45 | Build | Mining Camp |
| 19:21 | Build | Watch Tower |
| 19:31 | Queue | Villager (Male) |
| 19:31 | Queue | Villager (Male) |
| 19:45 | Build | Stone Wall |
| 19:53 | Build | Watch Tower |
| 20:08 | Build | Farm |
| 20:15 | Build | Market |
| 20:21 | Build | Palisade Wall |
| 20:23 | Queue | Villager (Male) |
| 20:23 | Queue | Villager (Male) |
| 20:27 | Build | Farm |
| 20:41 | Build | Watch Tower |
| 20:44 | Build | House |
| 21:00 | Build | Farm |
| 21:57 | Build | Stone Wall |
| 22:02 | Build | Stone Wall |
| 22:11 | Build | House |
| 22:22 | Build | Stone Wall |
| 22:37 | Build | Stone Wall |
| 22:56 | Research | Castle Age |
| 23:23 | Queue | Villager (Male) |
| 23:30 | Build | Stone Wall |
| 24:21 | Build | Stone Wall |
| 25:07 | Queue | Villager (Male) |
| 25:19 | Build | Stone Wall |
| 25:21 | Build | Stone Wall |
| 25:36 | Age | Castle Age |
| 25:40 | Queue | Villager (Male) |
| 25:41 | Queue | Villager (Male) |
| 25:47 | Build | Siege Workshop |
| 26:11 | Queue | Mangonel |
| 26:25 | Build | Monastery |
| 26:27 | Queue | Villager (Male) |
| 26:32 | Queue | Villager (Male) |
| 26:32 | Queue | Villager (Male) |
| 26:50 | Queue | Monk |
| 26:56 | Research | Hand Cart |
| 27:05 | Queue | Monk |
| 27:39 | Queue | Villager (Male) |
| 28:35 | Build | Siege Workshop |
| 29:12 | Queue | Mangonel |
| 29:16 | Queue | Monk |
| 30:07 | Queue | Villager (Male) |
| 30:07 | Queue | Villager (Male) |
| 31:13 | Queue | Villager (Male) |
| 31:13 | Queue | Villager (Male) |
| 31:14 | Queue | Villager (Male) |
| 31:47 | Queue | Monk |
| 32:43 | Build | Stone Wall |
| 32:44 | Build | Stone Wall |
| 32:53 | Queue | Villager (Male) |
| 33:13 | Build | Stone Wall |
| 33:21 | Build | House |
| 33:22 | Queue | Villager (Male) |
| 33:53 | Queue | Villager (Male) |
| 34:11 | Queue | Villager (Male) |
| 34:23 | Build | Castle |
| 34:29 | Build | Stone Wall |
Build order — FMG | GreatMaty
First 150 of 556 actions detected
| 0:01 | Queue | Villager (Male) |
| 0:01 | Queue | Villager (Male) |
| 0:02 | Build | House |
| 0:03 | Build | House |
| 0:12 | Queue | Villager (Male) |
| 0:12 | Queue | Villager (Male) |
| 0:12 | Queue | Villager (Male) |
| 1:06 | Queue | Villager (Male) |
| 1:07 | Queue | Villager (Male) |
| 1:45 | Queue | Villager (Male) |
| 1:45 | Queue | Villager (Male) |
| 1:46 | Build | Lumber Camp |
| 2:03 | Queue | Villager (Male) |
| 2:52 | Queue | Villager (Male) |
| 2:52 | Queue | Villager (Male) |
| 3:06 | Queue | Villager (Male) |
| 3:07 | Queue | Villager (Male) |
| 3:25 | Build | House |
| 3:33 | Queue | Villager (Male) |
| 3:34 | Queue | Villager (Male) |
| 3:34 | Queue | Villager (Male) |
| 3:54 | Build | Palisade Wall |
| 4:30 | Queue | Villager (Male) |
| 5:00 | Build | Mill |
| 5:06 | Queue | Villager (Male) |
| 5:11 | Build | House |
| 5:31 | Queue | Villager (Male) |
| 5:41 | Build | Palisade Gate |
| 5:55 | Queue | Villager (Male) |
| 6:25 | Research | Feudal Age |
| 6:25 | Research | Feudal Age |
| 7:42 | Build | Barracks |
| 7:47 | Queue | Villager (Male) |
| 8:29 | Age | Feudal Age |
| 8:35 | Build | Stable |
| 8:46 | Queue | Villager (Male) |
| 9:06 | Queue | Villager (Male) |
| 9:07 | Research | Double-Bit Axe |
| 9:28 | Queue | Scout Cavalry |
| 9:31 | Build | House |
| 9:42 | Queue | Villager (Male) |
| 9:44 | Research | Horse Collar |
| 9:47 | Queue | Scout Cavalry |
| 9:59 | Build | House |
| 10:10 | Queue | Villager (Male) |
| 10:18 | Build | Farm |
| 10:20 | Build | Farm |
| 10:28 | Queue | Villager (Male) |
| 10:40 | Queue | Villager (Male) |
| 10:47 | Build | House |
| 10:50 | Queue | Villager (Male) |
| 11:01 | Build | Farm |
| 11:05 | Queue | Scout Cavalry |
| 11:15 | Queue | Villager (Male) |
| 11:30 | Queue | Scout Cavalry |
| 11:38 | Build | Farm |
| 11:39 | Build | Farm |
| 11:50 | Build | Farm |
| 11:50 | Queue | Villager (Male) |
| 12:12 | Build | Farm |
| 12:16 | Queue | Villager (Male) |
| 12:20 | Build | Farm |
| 12:49 | Queue | Villager (Male) |
| 13:00 | Build | Farm |
| 13:01 | Build | Farm |
| 13:05 | Queue | Villager (Male) |
| 13:27 | Build | House |
| 13:28 | Build | House |
| 13:31 | Queue | Villager (Male) |
| 13:36 | Build | Farm |
| 13:38 | Build | Farm |
| 13:42 | Build | Farm |
| 13:54 | Queue | Villager (Male) |
| 14:11 | Build | Mining Camp |
| 14:12 | Queue | Villager (Male) |
| 14:19 | Build | Blacksmith |
| 14:37 | Queue | Villager (Male) |
| 14:42 | Build | Farm |
| 15:01 | Queue | Villager (Male) |
| 15:32 | Queue | Villager (Male) |
| 15:41 | Build | Stable |
| 16:03 | Research | Castle Age |
| 16:03 | Research | Castle Age |
| 16:47 | Research | Bloodlines |
| 16:47 | Research | Bloodlines |
| 17:46 | Research | Loom |
| 17:47 | Queue | Scout Cavalry |
| 17:48 | Queue | Scout Cavalry |
| 17:55 | Build | Farm |
| 17:56 | Build | Farm |
| 18:28 | Age | Castle Age |
| 18:33 | Research | Light Cavalry (upgrade) |
| 18:34 | Research | Scale Barding Armor |
| 18:35 | Queue | Knight |
| 18:35 | Queue | Knight |
| 18:38 | Queue | Villager (Male) |
| 18:39 | Research | Gold Mining |
| 18:43 | Build | Town Center |
| 18:50 | Build | Siege Workshop |
| 18:58 | Build | Farm |
| 19:11 | Queue | Knight |
| 19:11 | Queue | Knight |
| 19:14 | Build | House |
| 19:17 | Queue | Villager (Male) |
| 19:38 | Queue | Villager (Male) |
| 19:45 | Queue | Villager (Male) |
| 19:45 | Queue | Villager (Male) |
| 20:02 | Queue | Battering Ram |
| 20:02 | Queue | Battering Ram |
| 20:10 | Queue | Villager (Male) |
| 20:20 | Queue | Villager (Male) |
| 20:26 | Queue | Villager (Male) |
| 20:29 | Build | House |
| 20:45 | Queue | Knight |
| 20:49 | Queue | Battering Ram |
| 21:01 | Queue | Villager (Male) |
| 21:03 | Queue | Villager (Male) |
| 21:07 | Queue | Knight |
| 21:08 | Queue | Knight |
| 21:20 | Queue | Battering Ram |
| 21:32 | Queue | Villager (Male) |
| 21:33 | Queue | Villager (Male) |
| 21:38 | Build | House |
| 22:04 | Research | Chain Barding Armor |
| 22:04 | Research | Chain Barding Armor |
| 22:22 | Build | House |
| 22:25 | Queue | Battering Ram |
| 22:49 | Queue | Battering Ram |
| 23:06 | Queue | Villager (Male) |
| 23:06 | Queue | Villager (Male) |
| 23:06 | Queue | Villager (Male) |
| 23:08 | Build | Farm |
| 23:08 | Build | Farm |
| 23:08 | Build | Farm |
| 23:08 | Build | Farm |
| 23:08 | Build | Farm |
| 23:10 | Build | House |
| 23:10 | Build | House |
| 23:11 | Build | House |
| 23:28 | Queue | Villager (Male) |
| 23:28 | Queue | Villager (Male) |
| 23:32 | Queue | Knight |
| 23:32 | Queue | Knight |
| 23:35 | Queue | Villager (Male) |
| 23:39 | Build | Town Center |
| 23:50 | Queue | Villager (Male) |
| 23:54 | Queue | Knight |
| 23:54 | Queue | Knight |
| 24:10 | Queue | Villager (Male) |
| 24:20 | Queue | Villager (Male) |
Build order — |FMG| Donde Estan Mis 5 Pizzas
First 150 of 287 actions detected
| 0:01 | Queue | Villager (Male) |
| 0:01 | Queue | Villager (Male) |
| 0:01 | Queue | Villager (Male) |
| 0:01 | Queue | Villager (Male) |
| 0:02 | Queue | Villager (Male) |
| 1:47 | Queue | Villager (Male) |
| 1:48 | Queue | Villager (Male) |
| 1:54 | Research | Loom |
| 1:59 | Queue | Villager (Male) |
| 1:59 | Queue | Villager (Male) |
| 2:30 | Queue | Villager (Male) |
| 2:51 | Build | Lumber Camp |
| 2:58 | Research | Loom |
| 3:07 | Queue | Villager (Male) |
| 3:07 | Queue | Villager (Male) |
| 3:51 | Queue | Villager (Male) |
| 3:52 | Queue | Villager (Male) |
| 3:52 | Queue | Villager (Male) |
| 3:52 | Queue | Villager (Male) |
| 3:52 | Queue | Villager (Male) |
| 3:53 | Queue | Villager (Male) |
| 4:24 | Queue | Villager (Male) |
| 4:25 | Queue | Villager (Male) |
| 4:25 | Queue | Villager (Male) |
| 4:49 | Queue | Villager (Male) |
| 4:49 | Queue | Villager (Male) |
| 5:21 | Build | Palisade Wall |
| 5:22 | Build | Palisade Wall |
| 5:23 | Build | Palisade Wall |
| 5:24 | Build | Palisade Wall |
| 5:43 | Queue | Villager (Male) |
| 5:43 | Queue | Villager (Male) |
| 6:29 | Queue | Villager (Male) |
| 6:30 | Queue | Villager (Male) |
| 7:47 | Queue | Villager (Male) |
| 7:54 | Build | Mill |
| 8:25 | Queue | Villager (Male) |
| 8:34 | Build | Palisade Wall |
| 9:06 | Build | Palisade Wall |
| 9:07 | Queue | Villager (Male) |
| 9:31 | Queue | Villager (Male) |
| 9:31 | Queue | Villager (Male) |
| 9:37 | Queue | Villager (Male) |
| 9:41 | Build | Palisade Wall |
| 9:43 | Build | Palisade Wall |
| 10:37 | Queue | Villager (Male) |
| 10:40 | Build | Farm |
| 10:43 | Queue | Villager (Male) |
| 10:43 | Queue | Villager (Male) |
| 11:06 | Build | Farm |
| 11:17 | Build | Palisade Wall |
| 11:19 | Build | Palisade Wall |
| 11:42 | Build | Palisade Wall |
| 11:46 | Build | Palisade Wall |
| 11:48 | Queue | Villager (Male) |
| 11:52 | Research | Feudal Age |
| 13:19 | Build | Palisade Wall |
| 13:20 | Queue | Villager (Male) |
| 13:21 | Queue | Villager (Male) |
| 13:28 | Build | Palisade Wall |
| 13:51 | Queue | Villager (Male) |
| 13:57 | Queue | Villager (Male) |
| 13:57 | Queue | Villager (Male) |
| 14:01 | Build | Mining Camp |
| 14:16 | Build | Palisade Wall |
| 14:23 | Age | Feudal Age |
| 14:29 | Build | Watch Tower |
| 14:33 | Build | Palisade Wall |
| 14:36 | Build | Palisade Wall |
| 14:40 | Build | Palisade Wall |
| 14:44 | Build | Palisade Wall |
| 14:48 | Queue | Villager (Male) |
| 15:21 | Build | Palisade Wall |
| 15:25 | Build | Palisade Wall |
| 15:43 | Queue | Villager (Male) |
| 15:54 | Build | Farm |
| 15:55 | Queue | Villager (Male) |
| 15:55 | Queue | Villager (Male) |
| 16:04 | Build | Farm |
| 16:10 | Queue | Villager (Male) |
| 16:10 | Queue | Villager (Male) |
| 16:10 | Queue | Villager (Male) |
| 16:18 | Queue | Villager (Male) |
| 16:18 | Queue | Villager (Male) |
| 16:39 | Build | Farm |
| 16:41 | Build | Farm |
| 16:50 | Build | Mining Camp |
| 16:51 | Queue | Villager (Male) |
| 17:23 | Build | Farm |
| 17:31 | Queue | Villager (Male) |
| 17:43 | Build | Palisade Wall |
| 17:44 | Build | Palisade Wall |
| 17:47 | Build | Palisade Wall |
| 18:12 | Build | Palisade Wall |
| 18:23 | Build | Farm |
| 18:24 | Queue | Villager (Male) |
| 18:24 | Queue | Villager (Male) |
| 18:37 | Build | Palisade Wall |
| 18:39 | Build | Palisade Wall |
| 19:01 | Build | Palisade Wall |
| 19:02 | Build | Palisade Wall |
| 19:09 | Queue | Villager (Male) |
| 19:10 | Queue | Villager (Male) |
| 19:10 | Queue | Villager (Male) |
| 19:28 | Build | Lumber Camp |
| 19:35 | Queue | Villager (Male) |
| 19:35 | Queue | Villager (Male) |
| 20:33 | Queue | Villager (Male) |
| 20:33 | Queue | Villager (Male) |
| 21:08 | Build | Farm |
| 22:08 | Build | Palisade Wall |
| 22:14 | Queue | Villager (Male) |
| 22:45 | Build | Palisade Wall |
| 22:47 | Build | Palisade Wall |
| 24:00 | Build | Palisade Wall |
| 24:44 | Build | Palisade Wall |
| 24:47 | Queue | Villager (Male) |
| 24:47 | Queue | Villager (Male) |
| 25:06 | Build | Farm |
| 25:08 | Build | Farm |
| 25:38 | Queue | Villager (Male) |
| 25:39 | Queue | Villager (Male) |
| 26:16 | Queue | Villager (Male) |
| 26:55 | Queue | Villager (Male) |
| 26:56 | Queue | Villager (Male) |
| 27:04 | Build | Farm |
| 27:21 | Queue | Villager (Male) |
| 27:22 | Queue | Villager (Male) |
| 27:26 | Build | Farm |
| 28:01 | Build | Gate |
| 28:15 | Build | Gate |
| 28:21 | Build | Stone Wall |
| 28:22 | Queue | Villager (Male) |
| 28:23 | Queue | Villager (Male) |
| 28:31 | Build | Stone Wall |
| 28:32 | Queue | Villager (Male) |
| 28:32 | Queue | Villager (Male) |
| 28:43 | Build | Watch Tower |
| 28:47 | Build | Farm |
| 29:05 | Build | Barracks |
| 29:05 | Queue | Villager (Male) |
| 29:05 | Queue | Villager (Male) |
| 29:36 | Queue | Villager (Male) |
| 29:37 | Queue | Villager (Male) |
| 30:04 | Build | Farm |
| 30:10 | Queue | Villager (Male) |
| 30:11 | Queue | Villager (Male) |
| 30:30 | Queue | Villager (Male) |
| 30:31 | Queue | Villager (Male) |
| 30:37 | Build | Farm |
Build order — Saul carvajal 9
First 150 of 286 actions detected
| 0:07 | Queue | Villager (Male) |
| 0:07 | Queue | Villager (Male) |
| 0:07 | Queue | Villager (Male) |
| 0:07 | Queue | Villager (Male) |
| 0:10 | Build | House |
| 1:12 | Build | House |
| 1:16 | Build | House |
| 1:18 | Build | House |
| 2:24 | Build | Palisade Wall |
| 2:29 | Queue | Villager (Male) |
| 2:29 | Queue | Villager (Male) |
| 2:30 | Queue | Villager (Male) |
| 2:43 | Build | Palisade Wall |
| 2:50 | Build | Palisade Gate |
| 2:56 | Queue | Villager (Male) |
| 3:34 | Queue | Villager (Male) |
| 3:34 | Queue | Villager (Male) |
| 4:41 | Queue | Villager (Male) |
| 4:55 | Queue | Villager (Male) |
| 4:56 | Queue | Villager (Male) |
| 4:56 | Queue | Villager (Male) |
| 5:04 | Research | Loom |
| 5:37 | Build | Lumber Camp |
| 6:46 | Queue | Villager (Male) |
| 6:51 | Build | Mill |
| 7:37 | Research | Feudal Age |
| 8:07 | Build | Barracks |
| 8:40 | Queue | Villager (Male) |
| 9:11 | Queue | Villager (Male) |
| 9:11 | Queue | Villager (Male) |
| 10:29 | Queue | Villager (Male) |
| 10:30 | Queue | Villager (Male) |
| 10:39 | Build | Archery Range |
| 10:52 | Build | Mining Camp |
| 11:39 | Build | Blacksmith |
| 12:19 | Queue | Villager (Male) |
| 12:20 | Queue | Villager (Male) |
| 12:29 | Build | House |
| 12:31 | Build | House |
| 13:18 | Build | House |
| 13:25 | Queue | Villager (Male) |
| 13:25 | Queue | Villager (Male) |
| 13:26 | Queue | Villager (Male) |
| 13:34 | Build | Farm |
| 13:35 | Build | Farm |
| 14:20 | Queue | Villager (Male) |
| 14:20 | Queue | Villager (Male) |
| 14:28 | Build | Farm |
| 14:38 | Build | Farm |
| 14:48 | Build | Farm |
| 15:35 | Queue | Villager (Male) |
| 15:45 | Build | Farm |
| 15:45 | Build | Farm |
| 15:57 | Build | Mining Camp |
| 16:44 | Research | Castle Age |
| 16:51 | Research | Double-Bit Axe |
| 16:56 | Research | Horse Collar |
| 18:07 | Queue | Villager (Male) |
| 18:08 | Queue | Villager (Male) |
| 18:08 | Queue | Villager (Male) |
| 18:28 | Queue | Villager (Male) |
| 18:28 | Queue | Villager (Male) |
| 18:44 | Build | Siege Workshop |
| 19:41 | Build | Castle |
| 19:53 | Queue | Villager (Male) |
| 19:53 | Queue | Villager (Male) |
| 19:53 | Queue | Villager (Male) |
| 19:53 | Queue | Villager (Male) |
| 19:56 | Queue | Battering Ram |
| 19:57 | Queue | Battering Ram |
| 20:03 | Build | Farm |
| 20:09 | Build | House |
| 20:12 | Build | House |
| 20:57 | Build | House |
| 21:04 | Queue | Battering Ram |
| 21:40 | Build | Farm |
| 21:46 | Queue | Villager (Male) |
| 21:46 | Queue | Villager (Male) |
| 21:46 | Queue | Villager (Male) |
| 22:12 | Queue | Spearman |
| 22:12 | Queue | Spearman |
| 22:13 | Queue | Spearman |
| 22:21 | Queue | Villager (Male) |
| 22:21 | Queue | Villager (Male) |
| 22:32 | Build | Town Center |
| 22:56 | Queue | Spearman |
| 22:57 | Queue | Spearman |
| 22:57 | Queue | Spearman |
| 23:05 | Queue | Villager (Male) |
| 23:15 | Queue | Villager (Male) |
| 23:15 | Queue | Villager (Male) |
| 23:38 | Build | Gate |
| 23:43 | Queue | Villager (Male) |
| 23:55 | Queue | Spearman |
| 23:55 | Queue | Spearman |
| 24:17 | Build | Palisade Wall |
| 24:47 | Queue | Villager (Male) |
| 24:47 | Queue | Villager (Male) |
| 24:47 | Queue | Villager (Male) |
| 25:17 | Queue | Villager (Male) |
| 25:17 | Queue | Villager (Male) |
| 25:17 | Queue | Villager (Male) |
| 25:34 | Queue | Karambit Warrior ×3 |
| 26:14 | Queue | Karambit Warrior |
| 26:14 | Queue | Karambit Warrior |
| 26:14 | Queue | Karambit Warrior |
| 26:59 | Build | Stone Wall |
| 27:02 | Queue | Villager (Male) ×3 |
| 28:18 | Queue | Villager (Male) ×4 |
| 29:03 | Queue | Villager (Male) |
| 29:03 | Queue | Villager (Male) |
| 29:04 | Queue | Villager (Male) |
| 29:04 | Queue | Villager (Male) |
| 29:13 | Queue | Mangonel |
| 29:32 | Build | Stone Wall |
| 29:46 | Queue | Villager (Male) |
| 29:47 | Queue | Villager (Male) |
| 29:47 | Queue | Villager (Male) |
| 29:53 | Build | House |
| 29:56 | Build | House |
| 29:57 | Build | House |
| 29:57 | Build | House |
| 31:03 | Queue | Villager (Male) |
| 31:03 | Queue | Villager (Male) |
| 31:10 | Build | Castle |
| 31:16 | Build | Stone Wall |
| 31:22 | Build | Stone Wall |
| 31:38 | Queue | Karambit Warrior ×5 |
| 31:39 | Queue | Karambit Warrior ×3 |
| 31:39 | Queue | Karambit Warrior ×3 |
| 31:56 | Queue | Villager (Male) |
| 32:53 | Build | Mill |
| 32:57 | Queue | Villager (Male) |
| 32:57 | Queue | Villager (Male) |
| 32:57 | Queue | Villager (Male) |
| 33:08 | Build | Market |
| 33:14 | Build | Farm |
| 33:15 | Build | Farm |
| 33:15 | Build | Farm |
| 33:15 | Build | Farm |
| 33:16 | Build | Farm |
| 33:16 | Build | Farm |
| 33:16 | Build | Farm |
| 33:16 | Build | Farm |
| 33:17 | Build | Farm |
| 33:18 | Build | Farm |
| 33:19 | Build | Farm |
| 33:19 | Build | Farm |
| 33:19 | Build | Farm |
| 33:19 | Build | Farm |
Build order — FMG | Santiago
First 150 of 558 actions detected
| 0:00 | Queue | Villager (Male) |
| 0:02 | Build | House |
| 0:03 | Build | House |
| 0:15 | Queue | Villager (Male) |
| 0:18 | Queue | Villager (Male) |
| 0:33 | Queue | Villager (Male) |
| 1:33 | Queue | Villager (Male) |
| 1:34 | Queue | Villager (Male) |
| 1:45 | Build | Lumber Camp |
| 1:49 | Queue | Villager (Male) |
| 2:13 | Queue | Villager (Male) |
| 2:13 | Queue | Villager (Male) |
| 2:47 | Queue | Villager (Male) |
| 3:11 | Queue | Villager (Male) |
| 3:29 | Build | Palisade Wall |
| 3:35 | Queue | Villager (Male) |
| 3:35 | Queue | Villager (Male) |
| 3:42 | Build | Palisade Wall |
| 3:50 | Build | Palisade Gate |
| 3:55 | Build | Palisade Wall |
| 4:05 | Build | House |
| 4:08 | Build | House |
| 4:10 | Queue | Villager (Male) |
| 4:11 | Queue | Villager (Male) |
| 4:19 | Queue | Villager (Male) |
| 4:51 | Queue | Villager (Male) |
| 4:51 | Queue | Villager (Male) |
| 5:08 | Queue | Villager (Male) |
| 5:18 | Build | Palisade Wall |
| 5:31 | Queue | Villager (Male) |
| 5:41 | Build | Palisade Wall |
| 5:43 | Build | Palisade Wall |
| 5:48 | Build | Palisade Wall |
| 5:53 | Build | Palisade Wall |
| 5:59 | Queue | Villager (Male) |
| 6:03 | Build | Mill |
| 6:41 | Research | Loom |
| 6:47 | Build | House |
| 7:01 | Research | Feudal Age |
| 8:30 | Queue | Villager (Male) |
| 9:19 | Age | Feudal Age |
| 9:23 | Build | Barracks |
| 9:28 | Queue | Villager (Male) |
| 9:30 | Research | Double-Bit Axe |
| 9:56 | Queue | Villager (Male) |
| 9:59 | Build | House |
| 10:07 | Build | Archery Range |
| 10:23 | Build | House |
| 10:37 | Queue | Villager (Male) |
| 10:41 | Build | House |
| 10:43 | Build | House |
| 10:49 | Queue | Archer |
| 10:49 | Queue | Archer |
| 10:59 | Queue | Villager (Male) |
| 11:01 | Queue | Archer |
| 11:11 | Queue | Villager (Male) |
| 11:43 | Queue | Villager (Male) |
| 11:50 | Build | Blacksmith |
| 11:51 | Queue | Archer |
| 11:54 | Queue | Villager (Male) |
| 12:33 | Research | Fletching |
| 12:34 | Build | House |
| 12:35 | Queue | Villager (Male) |
| 12:56 | Queue | Archer |
| 12:57 | Queue | Archer |
| 12:58 | Queue | Villager (Male) |
| 13:11 | Build | Farm |
| 13:13 | Build | Farm |
| 13:14 | Build | Farm |
| 13:18 | Queue | Archer |
| 13:20 | Queue | Villager (Male) |
| 13:23 | Build | Palisade Wall |
| 13:38 | Queue | Villager (Male) |
| 13:42 | Queue | Villager (Male) |
| 13:45 | Build | Farm |
| 13:54 | Queue | Archer |
| 14:13 | Build | Farm |
| 14:14 | Queue | Villager (Male) |
| 14:16 | Build | Farm |
| 14:35 | Build | Farm |
| 14:36 | Queue | Villager (Male) |
| 14:40 | Build | Farm |
| 14:50 | Queue | Archer |
| 14:50 | Queue | Archer |
| 14:52 | Queue | Villager (Male) |
| 15:01 | Queue | Villager (Male) |
| 15:16 | Queue | Archer |
| 15:18 | Queue | Villager (Male) |
| 15:20 | Build | Farm |
| 15:21 | Build | Farm |
| 15:47 | Queue | Archer |
| 15:50 | Build | Farm |
| 15:51 | Queue | Villager (Male) |
| 15:52 | Build | Farm |
| 16:05 | Queue | Archer |
| 16:08 | Queue | Villager (Male) |
| 16:23 | Build | Farm |
| 16:30 | Research | Wheelbarrow |
| 16:38 | Build | Farm |
| 16:45 | Research | Wheelbarrow |
| 17:16 | Build | Lumber Camp |
| 18:03 | Research | Castle Age |
| 18:03 | Research | Castle Age |
| 18:48 | Queue | Archer |
| 18:48 | Queue | Archer |
| 18:53 | Build | House |
| 18:56 | Build | House |
| 19:03 | Research | Padded Archer Armor |
| 19:09 | Queue | Archer |
| 19:28 | Build | House |
| 19:29 | Build | House |
| 19:49 | Build | Archery Range |
| 20:00 | Queue | Archer |
| 20:24 | Build | Palisade Gate |
| 20:28 | Build | House |
| 20:34 | Queue | Archer |
| 20:43 | Age | Castle Age |
| 20:46 | Research | Crossbowman (upgrade) |
| 21:01 | Build | Town Center |
| 21:02 | Queue | Villager (Male) |
| 21:03 | Queue | Villager (Male) |
| 21:06 | Build | Town Center |
| 21:08 | Research | Bow Saw |
| 21:17 | Queue | Archer |
| 21:17 | Queue | Archer |
| 21:18 | Queue | Archer |
| 21:45 | Queue | Villager (Male) |
| 21:45 | Queue | Villager (Male) |
| 22:02 | Build | Monastery |
| 22:06 | Queue | Archer |
| 22:06 | Queue | Archer |
| 22:07 | Queue | Archer |
| 22:08 | Queue | Villager (Male) |
| 22:08 | Queue | Villager (Male) |
| 22:08 | Queue | Villager (Male) |
| 22:09 | Queue | Villager (Male) |
| 22:09 | Queue | Villager (Male) |
| 22:11 | Queue | Villager (Male) |
| 22:35 | Queue | Villager (Male) |
| 22:36 | Queue | Villager (Male) |
| 22:36 | Queue | Villager (Male) |
| 22:36 | Queue | Villager (Male) |
| 22:39 | Build | Farm |
| 22:44 | Build | Farm |
| 22:45 | Build | Farm |
| 22:46 | Queue | Villager (Male) |
| 22:46 | Queue | Villager (Male) |
| 22:53 | Research | Bodkin Arrow |
| 23:03 | Build | Farm |
| 23:03 | Build | Farm |
Build order — [CL]Jupy
First 150 of 507 actions detected
| 0:01 | Queue | Villager (Male) ×4 |
| 0:02 | Build | House |
| 0:04 | Build | House |
| 1:29 | Queue | Villager (Male) |
| 1:47 | Build | Lumber Camp |
| 2:00 | Queue | Villager (Male) |
| 2:18 | Queue | Villager (Male) |
| 2:18 | Queue | Villager (Male) |
| 2:53 | Queue | Villager (Male) |
| 2:53 | Queue | Villager (Male) |
| 2:53 | Queue | Villager (Male) |
| 3:26 | Build | House |
| 3:34 | Queue | Villager (Male) |
| 3:35 | Queue | Villager (Male) |
| 3:52 | Queue | Villager (Male) |
| 4:13 | Queue | Villager (Male) |
| 4:14 | Queue | Villager (Male) |
| 5:25 | Queue | Villager (Male) |
| 5:48 | Queue | Villager (Male) |
| 5:56 | Build | Barracks |
| 5:59 | Queue | Villager (Male) |
| 6:28 | Build | House |
| 6:41 | Research | Feudal Age |
| 6:41 | Research | Feudal Age |
| 6:43 | Queue | Militia |
| 6:43 | Queue | Militia |
| 6:55 | Build | Palisade Wall |
| 7:04 | Queue | Militia |
| 7:04 | Queue | Militia |
| 7:39 | Queue | Militia |
| 7:55 | Build | House |
| 8:25 | Build | Mill |
| 8:50 | Queue | Villager (Male) |
| 8:51 | Age | Feudal Age |
| 8:52 | Research | Man-at-Arms (upgrade) |
| 8:52 | Research | Man-at-Arms (upgrade) |
| 8:58 | Build | Farm |
| 9:18 | Queue | Villager (Male) |
| 9:27 | Research | Double-Bit Axe |
| 9:27 | Research | Double-Bit Axe |
| 9:40 | Queue | Villager (Male) |
| 9:46 | Build | Farm |
| 9:48 | Build | Farm |
| 9:56 | Build | House |
| 10:06 | Queue | Villager (Male) |
| 10:21 | Build | Farm |
| 10:22 | Queue | Villager (Male) |
| 10:35 | Queue | Villager (Male) |
| 10:38 | Build | Mining Camp |
| 10:52 | Queue | Villager (Male) |
| 10:58 | Build | Farm |
| 11:06 | Queue | Villager (Male) |
| 11:18 | Queue | Villager (Male) |
| 11:25 | Build | Farm |
| 11:54 | Queue | Villager (Male) |
| 12:02 | Research | Arson |
| 12:02 | Research | Arson |
| 12:03 | Queue | Villager (Male) |
| 12:05 | Build | Farm |
| 12:11 | Build | Farm |
| 12:14 | Build | Farm |
| 12:29 | Queue | Villager (Male) |
| 12:49 | Build | House |
| 12:50 | Build | Farm |
| 13:19 | Build | Gate |
| 13:23 | Build | Market |
| 13:38 | Build | Farm |
| 13:53 | Queue | Villager (Male) |
| 14:18 | Queue | Villager (Male) |
| 14:30 | Build | Mining Camp |
| 14:54 | Queue | Villager (Male) |
| 14:54 | Queue | Villager (Male) |
| 15:02 | Build | Blacksmith |
| 15:15 | Build | House |
| 15:45 | Research | Castle Age |
| 16:55 | Research | Gold Mining |
| 16:58 | Research | Stone Mining |
| 17:01 | Research | Horse Collar |
| 17:41 | Research | Forging |
| 18:25 | Age | Castle Age |
| 18:30 | Research | Long Swordsman (upgrade) |
| 18:30 | Research | Long Swordsman (upgrade) |
| 18:30 | Queue | Villager (Male) |
| 19:00 | Queue | Villager (Male) |
| 19:17 | Queue | Villager (Male) |
| 19:18 | Queue | Villager (Male) |
| 19:34 | Queue | Villager (Male) |
| 20:06 | Build | Castle |
| 20:13 | Build | Town Center |
| 20:15 | Build | House |
| 20:29 | Research | Bow Saw |
| 20:29 | Research | Heavy Plow |
| 20:29 | Research | Heavy Plow |
| 20:32 | Queue | Villager (Male) |
| 21:17 | Queue | Villager (Male) |
| 21:17 | Queue | Villager (Male) |
| 21:32 | Build | Mining Camp |
| 21:35 | Queue | Villager (Male) |
| 21:35 | Queue | Villager (Male) |
| 21:44 | Queue | Villager (Male) |
| 22:00 | Queue | Villager (Male) |
| 22:01 | Queue | Unit 1968 |
| 22:02 | Queue | Unit 1968 |
| 22:23 | Queue | Unit 1968 |
| 22:23 | Queue | Unit 1968 |
| 22:27 | Research | Fletching |
| 22:27 | Research | Fletching |
| 22:42 | Queue | Unit 1968 |
| 22:46 | Queue | Villager (Male) |
| 22:47 | Queue | Villager (Male) |
| 22:48 | Queue | Villager (Male) |
| 23:09 | Queue | Villager (Male) |
| 23:11 | Queue | Villager (Male) |
| 23:12 | Queue | Unit 1968 |
| 23:12 | Queue | Unit 1968 |
| 23:19 | Build | Farm |
| 23:21 | Build | Farm |
| 23:23 | Build | Farm |
| 23:24 | Build | Farm |
| 23:27 | Build | Farm |
| 23:32 | Build | Farm |
| 23:33 | Queue | Villager (Male) |
| 23:34 | Queue | Villager (Male) |
| 23:43 | Queue | Unit 1968 |
| 23:52 | Research | Bodkin Arrow |
| 23:52 | Research | Bodkin Arrow |
| 24:02 | Build | Farm |
| 24:04 | Build | Farm |
| 24:04 | Queue | Villager (Male) |
| 24:05 | Queue | Villager (Male) |
| 24:15 | Queue | Unit 1968 |
| 24:15 | Queue | Unit 1968 |
| 24:18 | Queue | Villager (Male) |
| 24:19 | Queue | Villager (Male) |
| 24:24 | Build | Farm |
| 24:24 | Build | Farm |
| 24:44 | Queue | Unit 1968 |
| 24:44 | Queue | Unit 1968 |
| 25:04 | Queue | Villager (Male) |
| 25:05 | Queue | Villager (Male) |
| 25:06 | Queue | Villager (Male) |
| 25:06 | Queue | Villager (Male) |
| 25:15 | Queue | Unit 1968 |
| 25:15 | Queue | Unit 1968 |
| 25:15 | Queue | Unit 1968 |
| 25:25 | Queue | Villager (Male) |
| 25:30 | Research | Loom |
| 25:30 | Research | Wheelbarrow |
| 25:44 | Queue | Villager (Male) |
| 25:45 | Queue | Unit 1968 |
Match timeline
| 2:24 | Saul carvajal 9 · wall_segment Palisade Wall x2 |
| 2:43 | Saul carvajal 9 · wall_segment Palisade Wall x1 |
| 3:29 | FMG | Santiago · wall_segment Palisade Wall x10 |
| 3:42 | FMG | Santiago · wall_segment Palisade Wall x1 |
| 3:54 | FMG | GreatMaty · wall_segment Palisade Wall x12 |
| 3:55 | FMG | Santiago · wall_segment Palisade Wall x1 |
| 5:18 | FMG | Santiago · wall_segment Palisade Wall x1 |
| 5:21 | |FMG| Donde Estan Mis 5 Pizzas · wall_segment Palisade Wall x1 |
| 5:22 | |FMG| Donde Estan Mis 5 Pizzas · wall_segment Palisade Wall x1 |
| 5:23 | |FMG| Donde Estan Mis 5 Pizzas · wall_segment Palisade Wall x1 |
| 5:24 | |FMG| Donde Estan Mis 5 Pizzas · wall_segment Palisade Wall x1 |
| 5:41 | FMG | Santiago · wall_segment Palisade Wall x1 |
| 5:43 | FMG | Santiago · wall_segment Palisade Wall x1 |
| 5:48 | FMG | Santiago · wall_segment Palisade Wall x1 |
| 5:53 | FMG | Santiago · wall_segment Palisade Wall x1 |
| 5:56 | [CL]Jupy · first_building Barracks |
| 6:55 | [CL]Jupy · wall_segment Palisade Wall x8 |
| 7:42 | FMG | GreatMaty · first_building Barracks |
| 7:52 | CloudNood · wall_segment Palisade Wall x1 |
| 8:01 | CloudNood · wall_segment Palisade Wall x9 |
| 8:07 | Saul carvajal 9 · first_building Barracks |
| 8:10 | CloudNood · wall_segment Palisade Wall x4 |
| 8:29 | FMG | GreatMaty · age_up feudal |
| 8:34 | |FMG| Donde Estan Mis 5 Pizzas · wall_segment Palisade Wall x8 |
| 8:35 | FMG | GreatMaty · first_building Stable |
| 8:51 | [CL]Jupy · age_up feudal |
| 8:58 | CloudNood · age_up feudal |
| 9:06 | |FMG| Donde Estan Mis 5 Pizzas · wall_segment Palisade Wall x5 |
| 9:19 | FMG | Santiago · age_up feudal |
| 9:23 | FMG | Santiago · first_building Barracks |
| 9:41 | |FMG| Donde Estan Mis 5 Pizzas · wall_segment Palisade Wall x2 |
| 9:43 | |FMG| Donde Estan Mis 5 Pizzas · wall_segment Palisade Wall x1 |
| 10:07 | FMG | Santiago · first_building Archery Range |
| 10:39 | Saul carvajal 9 · first_building Archery Range |
| 11:17 | |FMG| Donde Estan Mis 5 Pizzas · wall_segment Palisade Wall x6 |
| 11:19 | |FMG| Donde Estan Mis 5 Pizzas · wall_segment Palisade Wall x6 |
| 11:41 | CloudNood · wall_segment Stone Wall x6 |
| 11:42 | |FMG| Donde Estan Mis 5 Pizzas · wall_segment Palisade Wall x4 |
| 11:46 | |FMG| Donde Estan Mis 5 Pizzas · wall_segment Palisade Wall x11 |
| 12:00 | CloudNood · wall_segment Stone Wall x4 |
| 13:19 | |FMG| Donde Estan Mis 5 Pizzas · wall_segment Palisade Wall x6 |
| 13:23 | FMG | Santiago · wall_segment Palisade Wall x1 |
| 13:28 | |FMG| Donde Estan Mis 5 Pizzas · wall_segment Palisade Wall x6 |
| 14:02 | CloudNood · wall_segment Stone Wall x5 |
| 14:12 | CloudNood · wall_segment Stone Wall x4 |
| 14:16 | CloudNood · wall_segment Stone Wall x5 |
| 14:16 | |FMG| Donde Estan Mis 5 Pizzas · wall_segment Palisade Wall x1 |
| 14:23 | |FMG| Donde Estan Mis 5 Pizzas · age_up feudal |
| 14:33 | |FMG| Donde Estan Mis 5 Pizzas · wall_segment Palisade Wall x1 |
| 14:36 | |FMG| Donde Estan Mis 5 Pizzas · wall_segment Palisade Wall x1 |
| 14:40 | |FMG| Donde Estan Mis 5 Pizzas · wall_segment Palisade Wall x1 |
| 14:44 | |FMG| Donde Estan Mis 5 Pizzas · wall_segment Palisade Wall x4 |
| 15:21 | |FMG| Donde Estan Mis 5 Pizzas · wall_segment Palisade Wall x9 |
| 15:25 | |FMG| Donde Estan Mis 5 Pizzas · wall_segment Palisade Wall x4 |
| 17:43 | |FMG| Donde Estan Mis 5 Pizzas · wall_segment Palisade Wall x1 |
| 17:44 | |FMG| Donde Estan Mis 5 Pizzas · wall_segment Palisade Wall x1 |
| 17:47 | |FMG| Donde Estan Mis 5 Pizzas · wall_segment Palisade Wall x1 |
| 18:12 | |FMG| Donde Estan Mis 5 Pizzas · wall_segment Palisade Wall x1 |
| 18:25 | [CL]Jupy · age_up castle |
| 18:28 | FMG | GreatMaty · age_up castle |
| 18:34 | CloudNood · wall_segment Palisade Wall x1 |
| 18:37 | |FMG| Donde Estan Mis 5 Pizzas · wall_segment Palisade Wall x1 |
| 18:39 | CloudNood · wall_segment Palisade Wall x1 |
| 18:39 | |FMG| Donde Estan Mis 5 Pizzas · wall_segment Palisade Wall x2 |
| 18:44 | Saul carvajal 9 · first_building Siege Workshop |
| 18:50 | FMG | GreatMaty · first_building Siege Workshop |
| 19:01 | |FMG| Donde Estan Mis 5 Pizzas · wall_segment Palisade Wall x1 |
| 19:02 | |FMG| Donde Estan Mis 5 Pizzas · wall_segment Palisade Wall x1 |
| 19:41 | Saul carvajal 9 · first_building Castle |
| 19:45 | CloudNood · wall_segment Stone Wall x1 |
| 20:06 | [CL]Jupy · first_building Castle |
| 20:21 | CloudNood · wall_segment Palisade Wall x1 |
| 20:43 | FMG | Santiago · age_up castle |
| 21:57 | CloudNood · wall_segment Stone Wall x8 |
| 22:02 | CloudNood · wall_segment Stone Wall x5 |
| 22:02 | FMG | Santiago · first_building Monastery |
| 22:08 | |FMG| Donde Estan Mis 5 Pizzas · wall_segment Palisade Wall x2 |
| 22:22 | CloudNood · wall_segment Stone Wall x1 |
| 22:37 | CloudNood · wall_segment Stone Wall x4 |
| 22:45 | |FMG| Donde Estan Mis 5 Pizzas · wall_segment Palisade Wall x6 |
| 22:47 | |FMG| Donde Estan Mis 5 Pizzas · wall_segment Palisade Wall x1 |
| 23:30 | CloudNood · wall_segment Stone Wall x15 |
| 23:51 | [CL]Jupy · first_market_buy 100 food |
| 24:00 | |FMG| Donde Estan Mis 5 Pizzas · wall_segment Palisade Wall x8 |
| 24:17 | Saul carvajal 9 · wall_segment Palisade Wall x1 |
| 24:21 | CloudNood · wall_segment Stone Wall x8 |
| 24:44 | |FMG| Donde Estan Mis 5 Pizzas · wall_segment Palisade Wall x1 |
| 25:19 | CloudNood · wall_segment Stone Wall x1 |
| 25:21 | CloudNood · wall_segment Stone Wall x1 |
| 25:36 | CloudNood · age_up castle |
| 25:47 | CloudNood · first_building Siege Workshop |
| 26:25 | CloudNood · first_building Monastery |
| 26:59 | Saul carvajal 9 · wall_segment Stone Wall x1 |
| 27:00 | FMG | Santiago · first_building Castle |
| 28:21 | |FMG| Donde Estan Mis 5 Pizzas · wall_segment Stone Wall x5 |
| 28:30 | FMG | Santiago · first_market_sell 500 wood |
| 28:31 | |FMG| Donde Estan Mis 5 Pizzas · wall_segment Stone Wall x4 |
| 28:34 | FMG | Santiago · first_market_buy 100 food |
| 28:53 | CloudNood · first_market_sell 100 food |
| 29:05 | |FMG| Donde Estan Mis 5 Pizzas · first_building Barracks |
| 29:32 | Saul carvajal 9 · wall_segment Stone Wall x1 |
| 31:16 | Saul carvajal 9 · wall_segment Stone Wall x1 |
| 31:22 | Saul carvajal 9 · wall_segment Stone Wall x1 |
| 31:23 | FMG | Santiago · first_building Siege Workshop |
| 31:50 | FMG | Santiago · age_up imperial |
| 32:43 | CloudNood · wall_segment Stone Wall x1 |
| 32:44 | CloudNood · wall_segment Stone Wall x1 |
| 33:13 | CloudNood · wall_segment Stone Wall x1 |
| 33:55 | CloudNood · first_market_buy 100 stone |
| 33:57 | |FMG| Donde Estan Mis 5 Pizzas · tribute_sent a jugador 1 |
| 33:57 | |FMG| Donde Estan Mis 5 Pizzas · tribute_sent a jugador 2 |
| 33:57 | |FMG| Donde Estan Mis 5 Pizzas · tribute_sent a jugador 4 |
| 33:57 | |FMG| Donde Estan Mis 5 Pizzas · tribute_sent a jugador 5 |
| 33:57 | |FMG| Donde Estan Mis 5 Pizzas · tribute_sent a jugador 6 |
| 34:08 | Saul carvajal 9 · tribute_sent a jugador 1 |
| 34:08 | Saul carvajal 9 · tribute_sent a jugador 2 |
| 34:08 | Saul carvajal 9 · tribute_sent a jugador 3 |
| 34:08 | Saul carvajal 9 · tribute_sent a jugador 5 |
| 34:08 | Saul carvajal 9 · tribute_sent a jugador 6 |
| 34:23 | CloudNood · first_building Castle |
| 34:29 | CloudNood · wall_segment Stone Wall x1 |
| 34:30 | FMG | GreatMaty · first_market_sell 100 food |
| 34:31 | [CL]Jupy · first_market_sell 500 wood |
| 35:28 | [CL]Jupy · first_building Archery Range |
| 35:38 | |FMG| Donde Estan Mis 5 Pizzas · first_market_buy 100 food |
| 35:39 | |FMG| Donde Estan Mis 5 Pizzas · first_market_sell 100 wood |
| 37:31 | |FMG| Donde Estan Mis 5 Pizzas · first_building Archery Range |
| 37:45 | [CL]Jupy · age_up imperial |
| 38:23 | |FMG| Donde Estan Mis 5 Pizzas · age_up castle |
| 38:39 | CloudNood · wall_segment Stone Wall x1 |
| 39:37 | CloudNood · first_building Barracks |
| 40:31 | FMG | GreatMaty · age_up imperial |
| 42:51 | |FMG| Donde Estan Mis 5 Pizzas · first_building Castle |
| 44:04 | FMG | Santiago · first_building Stable |
| 44:36 | [CL]Jupy · first_building Siege Workshop |
| 44:55 | FMG | GreatMaty · tribute_sent a jugador 2 |
| 44:55 | FMG | GreatMaty · tribute_sent a jugador 3 |
| 44:55 | FMG | GreatMaty · tribute_sent a jugador 4 |
| 44:55 | FMG | GreatMaty · tribute_sent a jugador 5 |
| 44:55 | FMG | GreatMaty · tribute_sent a jugador 6 |
| 46:47 | CloudNood · age_up imperial |
| 46:50 | [CL]Jupy · resign |
[ AI ANALYSIS · 1 CREDIT ]
What really happened in this match?
Wolo.gg analyzes every decision: build order, eco, micro, common mistakes by bracket. Personalized analysis on WhatsApp or Discord in 30 seconds.
Civ guide
Teutons
Perfil
Jugador #4834441